 Dungeon Crawl Stone Soup version 0.30.1-4-g462c640d31 (webtiles) character file.

Game seed: 10270619744019572544

410 Zeor the Slasher (level 7, 0/50 HPs)
             Began as a Djinni Reaver on Aug 17, 2023.
             Slain by a gnoll bouda
             ... wielding a +0 club
              (2 damage)
             ... on level 4 of the Dungeon.
             The game lasted 00:11:39 (3057 turns).

Zeor the Slasher (Djinni Reaver)                    Turns: 3057, Time: 00:11:40

Health: 0/50       AC:  5    Str: 11    XL:     7   Next: 13%
Gold:   178        EV: 12    Int: 16    God:
                   SH:  0    Dex: 12

rFire   + + .        a - +0 falchion
rCold   x . .        (no shield)
rNeg    . . .        b - +1 leather armour
rPois   ∞            (no helmet)
rElec   .            j - +0 cloak
rCorr   .            (no gloves)
SInv    .            (boots unavailable)
Will    .....        (no amulet)
Stlth   +            (no ring)
HPRegen 0.28/turn    (no ring)
MPRegen 0.00/turn

%: infuse magic (-1 HP)
@: flying, very slightly contaminated
A: sickness immunity, fire resistance 2, cold vulnerability 1, float, innate
caster, HP casting, extra vitality 1
a: no special abilities


You were on level 4 of the Dungeon.
You visited 1 branch of the dungeon, and saw 4 of its levels.

You collected 178 gold pieces.

Inventory:

Hand Weapons
 a - a +0 falchion (weapon)
 d - a +0 whip of electrocution
 k - the +3 hammer of Stickiness {vamp, Int+4}
   (You found it on level 2 of the Dungeon)

   Int:       It affects your intelligence (+4).
Armour
 b - a +1 leather armour (worn)
 j - a +0 cloak (worn)
Jewellery
 i - a ring of fire
Wands
 g - a wand of iceblast (15)
Potions
 c - 2 potions of resistance
 f - a potion of mutation
 h - a potion of attraction


   Skills:
 * Level 3.3 Fighting
 + Level 3.9 Long Blades
 + Level 2.5 Armour
 + Level 3.2 Dodging
 + Level 0.3 Stealth
 * Level 3.8 Spellcasting


You knew the following spells:

 Your Spells              Type           Power      Damage    Failure   Level
a - Ozocubu's Armour      Ice            15%        N/A       14%         3
f - Foxfire               Conj/Fire      60%        2x1d7     4%          1
h - Hailstorm             Conj/Ice       15%        3d5       14%         3
k - Kiss of Death         Conj/Necr      60%        2d10      4%          1
m - Momentum Strike       Conj/Tloc      30%        3d8       7%          2
v - Poisonous Vapours     Pois/Air       30%        N/A       7%          2
Your spell library was empty.

Dungeon Overview and Level Annotations

Branches:
Dungeon (4/15)
 Temple: D:4-7

Altars:
Uskayaw


Innate Abilities, Weirdness & Mutations

You are immune to sickness and miasma.
You are immune to poison.
Your flesh is very heat resistant. (rF++)
You are vulnerable to cold. (rC-)
You float through the air rather than walking.
You learn spells naturally, not from books.
Your magical power is your life essence.
You have superior vitality. (+4 MHP)


Message History

The gnoll is lightly wounded.
The adder bites you. The gnoll hits you with a +0 club.
The adder bites you but does no damage. The gnoll attacks as you move away!
The gnoll hits you but does no damage.
The gnoll bouda hits you with a +0 club.
The adder misses you. The gnoll misses you.
The gnoll bouda attacks as you move away!
The gnoll bouda hits you but does no damage.
The adder attacks as you move away! The adder bites you but does no damage.
Your attacks no longer feel as feeble.
The gnoll attacks as you move away! The gnoll hits you with a +0 club!
* * * LOW HITPOINT WARNING * * *
The gnoll bouda calls upon its god to heal the gnoll.
The gnoll's wounds heal themselves!
The adder bites you but does no damage.
The gnoll bouda attacks as you move away!
The gnoll bouda closely misses you.
You feel better.
The gnoll bouda hits you with a +0 club!
* * * LOW HITPOINT WARNING * * *
Okay, then.
You aren't carrying any scrolls.
Enter note: f You aren't carrying any scrolls.
Casting: Hailstorm (dangerous; 14% risk of failure)
Confirm with . or Enter, or press ? or * to list all spells.
You miscast Ozocubu's Armour.
You are very lightly contaminated with residual magic.
Nothing appears to happen.
* * * LOW HITPOINT WARNING * * *
The adder bites you.
* * * LOW HITPOINT WARNING * * *
The gnoll bouda closely misses you.
Casting: Ozocubu's Armour (dangerous; 14% risk of failure)
Confirm with . or Enter, or press ? or * to list all spells.
You don't have enough health to cast this spell.
You miss the adder.
The adder is lightly wounded.
The adder bites you but does no damage.
The gnoll bouda hits you with a +0 club.
You die... ▒∙∙∙∙∙∙∙∙∙▒ ▒∙∙∙<∙∙∙∙∙▒ ▒∙∙∙∙∙∙∙∙∙∙∙▒ ▒▒▒▒▒ ∙∙∙∙∙∙∙∙∙∙∙∙∙∙ ▒∙∙∙▒ ▒▒∙∙∙▒▒∙∙∙∙▒†∙ ∙∙∙∙ ∙∙∙∙▒▒∙∙∙∙∙▒▒∙ ▒▒▒ ▒▒∙∙ ∙∙∙∙ ∙∙▒▒∙∙∙∙∙ ▒∙∙▒▒▒∙g▒▒ ∙∙∙ ∙∙ ∙∙∙∙∙∙ ▒ ▒∙∙∙▒∙∙SR▒ ∙∙ ∙∙∙∙∙∙∙∙∙ ▒∙▒∙ ▒)∙∙g▒▒ ∙∙▒▒∙∙∙∙ ∙∙∙∙∙▒∙))∙▒▒ ▒▒∙∙∙ ∙∙∙∙∙∙∙∙w∙∙▒ ∙∙∙∙

∙∙∙∙∙∙∙∙∙∙∙▒ ▒∙
∙∙∙∙∙∙▒∙∙∙∙∙▒
▒∙∙ ▒∙
∙∙▒∙∙∙∙∙∙▒▒∙∙∙∙
∙∙∙∙∙∙▒▒∙
▒▒∙∙∙∙∙∙ ∙∙∙▒
∙∙∙∙▒∙∙∙>
▒∙∙∙∙∙∙∙∙∙▒▒


∙∙∙∙∙∙ ▒∙ You could see a gnoll bouda, a worm, a gnoll (swift) and an adder.

Vanquished Creatures
  An ogre (D:4)
  A hound (D:4)
  Crazy Yiuf (D:2)
  2 jellies
  Terence (D:2)
  An iguana (D:4)
  Robin (D:3)
  2 gnolls (D:4)
  4 adders
  3 ufetubi (D:4)
  A worm (D:3)
  A dart slug (D:3)
  An orc (D:3)
  6 bats
  An endoplasm (D:3)
  3 giant cockroaches
  11 goblins
  9 hobgoblins
  4 kobolds
  3 quokkas
  2 ball pythons
  6 frilled lizards
  3 rats
68 creatures vanquished.

Vanquished Creatures (others)
  66 foxfires
66 creatures vanquished.

Grand Total: 134 creatures vanquished

Notes
Turn   | Place    | Note
-------+----------+-------------------------------------------
     0 | D:1      | Zeor the Djinni Reaver began the quest for the Orb.
     0 | D:1      | Zeor set off with the following spells memorised: Kiss of
                  | Death, Momentum Strike, Hailstorm.
     0 | D:1      | Reached XP level 1. HP: 18/18 MP: 0/0
   103 | D:1      | Reached XP level 2. HP: 14/23 MP: 0/0
  1252 | D:2      | Reached XP level 3. HP: 24/26 MP: 0/0
  1252 | D:2      | Learned a level 1 spell: Foxfire
  1381 | D:2      | Reached skill level 1 in Armour
  1381 | D:2      | Reached XP level 4. HP: 31/34 MP: 0/0
  1411 | D:2      | Found a runed translucent door.
  1412 | D:2      | Noticed Crazy Yiuf
  1549 | D:2      | Noticed Terence
  1554 | D:2      | Killed Terence
  1555 | D:2      | Reached XP level 5. HP: 34/39 MP: 0/0
  1555 | D:2      | Learned a level 2 spell: Poisonous Vapours
  1753 | D:2      | Killed Crazy Yiuf
  1862 | D:2      | Identified the +3 hammer of Stickiness {vamp, Int+4}
  2040 | D:3      | Noticed Robin
  2059 | D:3      | Killed Robin
  2289 | D:3      | Found a hide-covered altar of Uskayaw.
  2290 | D:3      | Noticed a +0 dagger
  2291 | D:3      | Noticed a +0 dagger
  2315 | D:3      | Found a faded altar of an unknown god.
  2804 | D:4      | Reached XP level 6. HP: 42/46 MP: 0/0
  2947 | D:4      | Noticed an ogre
  2955 | D:4      | Killed an ogre
  2956 | D:4      | Reached XP level 7. HP: 32/50 MP: 0/0
  2956 | D:4      | Learned a level 3 spell: Ozocubu's Armour
  3056 | D:4      | f
  3056 | D:4      | HP: 2/50 [adder (2)]
  3057 | D:4      | Slain by a gnoll bouda

Illustrated notes ▒∙∙∙∙∙∙∙∙∙▒ ▒∙∙∙<∙∙∙∙∙▒ ▒∙∙∙∙∙∙∙∙∙∙∙▒ ▒▒▒▒▒ ∙∙∙∙∙∙∙∙∙∙∙∙∙∙ ▒∙∙∙▒ ▒▒∙∙∙▒▒∙∙∙∙▒†∙ ∙∙∙∙ ∙∙∙∙▒▒∙∙∙∙∙▒▒∙ ▒▒▒ ▒▒∙∙ ∙∙∙∙ ∙∙▒▒∙∙∙∙∙ ▒∙∙▒▒▒∙∙▒▒ ∙∙∙ ∙∙ ∙∙∙∙∙∙ ▒ ▒∙∙∙▒∙∙SR▒ ∙∙ ∙∙∙∙∙∙∙∙∙ ▒∙▒∙ ▒)∙gg▒▒ ∙∙▒▒∙∙∙∙ ∙∙∙∙∙▒∙))∙▒▒ ▒▒∙∙∙ ∙∙∙∙∙∙∙∙w∙∙▒ ∙∙∙∙

∙∙∙∙∙∙∙∙∙∙∙▒ ▒∙
∙∙∙∙∙∙▒∙∙∙∙∙▒
▒∙∙ ▒∙
∙∙▒∙∙∙∙∙∙▒▒∙∙∙∙
∙∙∙∙∙∙▒▒∙
▒▒∙∙∙∙∙∙ ∙∙∙▒
∙∙∙∙▒∙∙∙>
▒∙∙∙∙∙∙∙∙∙▒▒


∙∙∙∙∙∙ ▒∙ Turn 3056 on D:4: f

Levels and vault maps discovered:
D:1:      ebering_hopf_link, layout_loops_corners, nrook_mini_backslash
D:2:      layout_basic, uniq_terence, uniq_crazy_yiuf_cottage
D:3:      layout_basic, dancing_weapons_uskayaw,
          dreamdust_ecumenical_altar_grove, serial_bayou, serial_bayou_pond_a,
          serial_bayou_pond_d, serial_bayou_pond_a, serial_bayou_shore_a,
          st_stairs_1, uniq_robin
D:4:      layout_cave_pools

Skill      XL: |  1  2  3  4  5 |
---------------+----------------+-----
Long Blades    | 3 |  3.9
Armour         | 1 2 |  2.5
Spellcasting   | 3 |  3.8
Dodging        | 3 |  3.2
Fighting       | 3 |  3.3
Stealth        | |  0.3

Action                     |  1- 3 |  4- 6 |  7- 9 || total
---------------------------+-------+-------+-------++-------
  Melee: Falchion          |    94 |    45 |     5 ||   144
         Punch             |     1 |     1 |       ||     2
   Cast: Kiss of Death     |     1 |     1 |       ||     2
         Foxfire           |     9 |    29 |     2 ||    40
         Momentum Strike   |     1 |     8 |       ||     9
         Poisonous Vapours |       |     3 |       ||     3
         Hailstorm         |       |     4 |     3 ||     7
    Use: Scroll            |     4 |     4 |     1 ||     9
         Potion            |       |     1 |     1 ||     2
 Armour: Leather armour    |    32 |    22 |     7 ||    61
  Dodge: Dodged            |    72 |    38 |    14 ||   124
